 Dungeon Crawl Stone Soup version 0.25.1-2-g60ff931df9 (webtiles) character file.

Game seed: 17347590956998939286

48785 lorenzova the Eclecticist (level 14, -5/68 HPs)
             Began as a Deep Elf Conjurer on Oct 14, 2020.
             Was a High Priest of Vehumet.
             Slain by a black mamba (14 damage)
             ... on level 6 of the Lair of Beasts.
             The game lasted 01:00:02 (24770 turns).

lorenzova the Eclecticist (Deep Elf Conjurer)      Turns: 24770, Time: 01:00:03

Health: -5/68      AC:  6    Str:  1    XL:     14   Next: 13%
Magic:  11/37      EV:  6    Int: 30    God:    Vehumet [*****.]
Gold:   933        SH:  5    Dex: 15    Spells: 20/48 levels left

rFire    . . .     SeeInvis .   F - staff of conjuration
rCold    . . .     Gourm    .   (no shield)
rNeg     . . .     Faith    .   P - +0 ring mail {MR+}
rPois    +         Spirit   .   o - +0 helmet
rElec    .         Reflect  +   (no cloak)
rCorr    .         Harm     .   (no gloves)
MR       +++++                  (no boots)
Stlth    +.........             b - amulet of reflection
HPRegen  0.21/turn              M - ring of poison resistance
MPRegen  0.25/turn              C - ring "Fuummeu" {Wiz MR+++ Str-4 Int+4}

@: no status effects
A: no striking features
a: Renounce Religion


You were on level 6 of the Lair of Beasts.
You worshipped Vehumet.
Vehumet was extremely pleased with you.
You were not hungry.

You visited 2 branches of the dungeon, and saw 17 of its levels.
You also visited: Ice Cave.

You collected 933 gold pieces.

Inventory:

Hand Weapons
 y - the +2 scimitar "Earthworm" {venom, +Inv}
   (You found it in an ice cave)

   It poisons the flesh of those it strikes.
   It lets you turn invisible.
Armour
 o - a +0 helmet (worn)
 P - a +0 ring mail of magic resistance (worn)
Magical Staves
 j - an uncursed staff of wizardry
 F - an uncursed staff of conjuration (weapon)
 O - an uncursed staff of summoning
Jewellery
 a - an uncursed ring of see invisible
 b - an amulet of reflection (around neck)
 l - an uncursed ring of protection from fire
 C - the ring "Fuummeu" (right hand) {Wiz MR+++ Str-4 Int+4}
   (You took it off an orc on level 7 of the Dungeon)

   [ring of wizardry]

   It improves your spell success rate.
   It affects your strength (-4).
   It affects your intelligence (+4).
   It affects your resistance to hostile enchantments.
 G - an uncursed ring of fire
 H - an uncursed ring of ice
 M - a ring of poison resistance (left hand)
 Q - an uncursed ring of protection from cold
 S - an uncursed ring of resist corrosion
 U - an uncursed ring of wizardry
Wands
 g - a wand of enslavement (8)
 k - a wand of disintegration (2)
 v - a wand of acid (11)
Scrolls
 d - 9 scrolls of teleportation
 f - a scroll of fog
 m - 2 scrolls of acquirement
 q - 5 scrolls of remove curse
 u - 2 scrolls of summoning
 x - a scroll of noise {unknown}
 E - 8 scrolls of magic mapping
 K - 2 scrolls of enchant armour
 L - a scroll of enchant weapon
 N - 2 scrolls of amnesia
Potions
 e - 3 potions of flight
 h - a potion of resistance {unknown}
 i - 4 potions of lignification
 n - 2 potions of berserk rage
 p - 4 potions of haste
 r - a potion of invisibility {unknown}
 s - 2 potions of might {unknown}
 w - a potion of cancellation {unknown}
 z - 4 potions of stabbing
 A - a potion of brilliance {unknown}
 B - a potion of experience {unknown}
 D - a potion of magic {unknown}
 I - 7 potions of curing
 J - a potion of ambrosia {unknown}
 R - a potion of mutation {unknown}
 T - 2 potions of degeneration {unknown}
Comestibles
 c - 27 rations


   Skills:
 - Level 2.4 Dodging
 - Level 2.4 Stealth
 * Level 17.7 Spellcasting
 * Level 15.6 Conjurations
 - Level 9.0 Hexes
 - Level 6.0 Translocations
 * Level 12.2 Fire Magic


You had 20 spell levels left.
You knew the following spells:

 Your Spells              Type           Power        Failure   Level  Hunger
a - Magic Dart            Conj           ####         1%          1    None
b - Searing Ray           Conj           ######       1%          2    None
c - Iskenderun's Mystic   Conj/Tloc      #######.     1%          4    None
d - Fulminant Prism       Conj/Hex       ########..   1%          4    None
e - Foxfire               Conj/Fire      ####         1%          1    None
f - Fireball              Conj/Fire      ########..   1%          5    None
g - Starburst             Conj/Fire      ########..   2%          6    #......
p - Blink                 Tloc           N/A          1%          2    None
x - Conjure Flame         Conj/Fire      ########     1%          3    None

Your spell library contained the following spells:

 Spells                   Type           Power        Failure   Level  Hunger
 Apportation              Tloc           ######       1%          1    None
 Corona                   Hex            ######.      1%          1    None
 Slow                     Hex            ######..     1%          2    None
 Dazzling Flash           Conj/Hex       ######       1%          3    None
 Mephitic Cloud           Conj/Pois/Air  ######..     1%          3    None
 Animate Skeleton         Necr           N/A          16%         1    None
 Summon Small Mammal      Summ           ####         16%         1    None
 Call Imp                 Summ           ####....     22%         2    None
 Corpse Rot               Necr/Air       N/A          22%         2    None
 Poisonous Vapours        Pois/Air       ####..       22%         2    None
 Sublimation of Blood     Necr           ####......   22%         2    None
 Freezing Cloud           Conj/Ice/Air   ######....   52%         6    #......
 Dispel Undead            Necr           ####....     80%         4    None
 Agony                    Necr           ####....     98%         5    None
 Excruciating Wounds      Chrm/Necr      ####......   98%         5    None
 Ring of Flames           Chrm/Fire      ######....   100%        7    ####...


Dungeon Overview and Level Annotations

Branches:
Dungeon (11/15)            Temple (0/1) D:6            Lair (6/6) D:10
 Shoals (0/4) Lair:2       Spider (0/4) Lair:4        Slime (0/5) Lair:5
    Orc (0/2) D:9           IceCv (visited)

Altars:
Ashenzari
Gozag
Hepliaklqana
Makhleb
Sif Muna
Trog
Uskayaw
Vehumet
Jiyva

Shops:
D:9 (

Annotations:
D:3 3 runed translucent doors, groll's ghost, amateur DsAK
D:11 3 runed translucent doors, gruber's ghost, journeyman DDFi
Lair:1 exclusion: downstairs


Message History

The black mamba hisses angrily.
Casting: Magic Dart (safe; 1% risk of failure)
Confirm with . or Enter, or press ? or * to list all spells.
Aiming: Searing Ray (safe; 1% risk of failure)
Press: ? - help, Shift-Dir - straight line, f/p - black mamba
Aim: a black mamba (lightly wounded)
You feel a surge of power!
The searing ray hits the black mamba!
The black mamba is heavily wounded. (Press . to maintain the ray.)
The searing ray misses the black mamba.
The searing ray misses the black mamba.
The black mamba bites you.
* * * LOW HITPOINT WARNING * * *
The black mamba bites you!
* * * LOW HITPOINT WARNING * * *
Casting: Searing Ray (safe; 1% risk of failure)
Confirm with . or Enter, or press ? or * to list all spells.
You feel a surge of power!
You erupt in a blast of force!
The mystic blast misses the black mamba.
The black mamba bites you!
You die...

####........#.^..#
##........#.... ##........#...
##### ####......P..### ##..#.#
########...#........#
#h...#.##.#.#.#....(#...#...#
###....#.#............#P.#...#
.......#.....÷..#S...####...P#
#.††.#...#@##### .....
###..####### ... #..# #..†.
##..... ##...h.. ##.#.. ## .


You could see a black mamba.

Vanquished Creatures
  An azure jelly (Lair:6)
  2 death oozes (Lair:6)
  3 hydras
  An anaconda (Lair:6)
  2 two-headed ogres
  Sonja (Lair:2)
  A wolf spider (Lair:6)
  2 manticores
  2 oklob plants (Lair:2)
  8 elephants
  5 black mambas
  Maurice (D:8)
  Joseph (D:10)
  2 ice statues (IceCv)
  9 spiny frogs
  A gargoyle (D:10)
  11 ice devils (IceCv)
  3 rime drakes
  6 komodo dragons
  A polar bear (Lair:6)
  3 trolls
  A hornet (Lair:6)
  Prince Ribbit (D:8)
  11 hippogriffs
  Grinder (D:3)
  13 blink frogs
  3 dream sheep (Lair:5)
  8 wyverns
  25 yaks
  4 hogs (D:7)
  A human (D:7)
  Grum (Lair:1)
  5 basilisks
  A hungry ghost (D:11)
  2 wargs
  4 vampire mosquitoes (D:10)
  15 water moccasins
  6 hell hounds (Lair:6)
  4 porcupines
  4 orc warriors
  9 black bears
  A sky beast (D:7)
  An eye of draining (D:11)
  2 ice beasts
  A necrophage (D:10)
  6 ogres
  A phantom (D:7)
  12 wolves
  3 centaurs
  11 crocodiles
  A big kobold (D:7)
  13 bullfrogs
  Blork the orc (D:6)
  2 wyvern zombies
  A wyvern skeleton (D:10)
  4 scorpions
  21 killer bees
  9 wights
  2 howler monkeys
  8 crimson imps
  A bullfrog zombie (D:10)
  14 hounds
  7 jellies
  A bullfrog skeleton (D:11)
  A gnoll shaman (D:5)
  12 orc wizards
  11 orc priests
  4 centaur skeletons
  Terence (D:3)
  2 iguanas
  Natasha (thrice) (D:2)
  10 worker ants
  2 hound zombies
  A hound skeleton (D:4)
  14 gnolls
  2 howler monkey skeletons
  5 adders
  4 shadow imps
  6 white imps (IceCv)
  4 ufetubi (IceCv)
  4 oozes (Lair:6)
  2 worms (D:2)
  3 dart slugs
  6 leopard geckos
  50 orcs
  7 bats
  4 giant cockroaches
  10 goblins
  8 hobgoblins
  10 jackals
  3 quokkas
  3 ball pythons
  3 frilled lizards
  A jackal skeleton (D:2)
  15 kobolds
  A leopard gecko zombie (D:9)
  A quokka skeleton (D:7)
  10 rats
  9 fungi
  10 plants
550 creatures vanquished.

Vanquished Creatures (others)
  A reaper (IceCv)
  2 white imps (IceCv)
  6 ufetubi (IceCv)
  204 fulminant prisms
  25 fungi
  46 plants
284 creatures vanquished.

Grand Total: 834 creatures vanquished

Notes
Turn   | Place    | Note
-------+----------+-------------------------------------------
     0 | D:1      | lorenzova the Deep Elf Conjurer began the quest for the
                  | Orb.
     0 | D:1      | Reached XP level 1. HP: 10/10 MP: 6/6
   383 | D:1      | Reached XP level 2. HP: 15/15 MP: 4/8
   431 | D:1      | Learned a level 2 spell: Searing Ray
  1255 | D:2      | Reached skill level 4 in Spellcasting
  1292 | D:1      | Reached XP level 3. HP: 6/19 MP: 0/10
  1552 | D:2      | Reached skill level 5 in Conjurations
  1733 | D:2      | Noticed Natasha
  1737 | D:2      | Killed Natasha
  1954 | D:2      | Reached XP level 4. HP: 24/24 MP: 8/12
  2216 | D:2      | Noticed Natasha
  2220 | D:2      | Killed Natasha
  2220 | D:2      | Reached skill level 5 in Spellcasting
  2382 | D:2      | Noticed Natasha
  2389 | D:2      | Killed Natasha
  2389 | D:2      | Reached XP level 5. HP: 23/28 MP: 5/14
  3099 | D:3      | Reached skill level 6 in Spellcasting
  3373 | D:3      | Found a hazy altar of Hepliaklqana.
  3378 | D:3      | Noticed Grinder
  3394 | D:3      | Paralysed by Grinder for 2 turns
  3407 | D:3      | Killed Grinder
  3407 | D:3      | Reached skill level 7 in Spellcasting
  3407 | D:3      | Reached XP level 6. HP: 5/32 MP: 0/18
  3729 | D:3      | Found a runed translucent gate.
  3729 | D:3      | Found a runed translucent gate.
  3741 | D:3      | Found a runed translucent gate.
  3753 | D:3      | Found an opulent altar of Gozag.
  3756 | D:3      | Noticed groll's ghost (amateur DsAK)
  3831 | D:3      | Noticed Terence
  3841 | D:3      | Killed Terence
  4358 | D:4      | Reached XP level 7. HP: 30/36 MP: 12/20
  4941 | D:4      | Reached skill level 8 in Spellcasting
  5129 | D:4      | Found a shattered altar of Ashenzari.
  5136 | D:4      | Found a radiant altar of Vehumet.
  5136 | D:4      | Found a hide-covered altar of Uskayaw.
  5138 | D:4      | Found a bloodstained altar of Trog.
  5144 | D:4      | Became a worshipper of Vehumet
  5258 | D:4      | Reached skill level 9 in Spellcasting
  5397 | D:5      | Entered Level 5 of the Dungeon
  5448 | D:5      | Reached XP level 8. HP: 41/41 MP: 18/23
  5591 | D:5      | Learned a level 4 spell: Iskenderun's Mystic Blast
  5596 | D:5      | Learned a level 4 spell: Fulminant Prism
  5623 | D:5      | Reached skill level 1 in Hexes
  5653 | D:5      | Reached skill level 1 in Translocations
  6229 | D:5      | Reached * piety under Vehumet
  6229 | D:5      | Offered knowledge of Freeze by Vehumet.
  6446 | D:5      | Reached skill level 10 in Spellcasting
  7190 | D:6      | Reached XP level 9. HP: 41/45 MP: 22/25
  7455 | D:6      | Noticed Blork the orc
  7459 | D:6      | Killed Blork the orc
  7702 | D:6      | Found a staircase to the Ecumenical Temple.
  7993 | D:7      | Reached skill level 10 in Conjurations
  8109 | D:7      | Reached skill level 11 in Spellcasting
  8396 | D:7      | Identified the ring "Fuummeu" {Wiz MR+++ Str-4 Int+4}
  8832 | D:7      | Reached skill level 5 in Hexes
  9078 | D:7      | Found a burning altar of Makhleb.
  9078 | D:7      | Noticed a blizzard demon
  9221 | D:8      | Noticed Prince Ribbit
  9227 | D:8      | Killed Prince Ribbit
  9227 | D:8      | Reached skill level 12 in Spellcasting
  9240 | D:8      | Offered knowledge of Foxfire by Vehumet.
  9240 | D:8      | Reached XP level 10. HP: 50/50 MP: 19/28
  9245 | D:7      | Learned a level 1 spell: Foxfire
  9263 | D:8      | Reached ** piety under Vehumet
  9265 | D:8      | Noticed a two-headed ogre
  9278 | D:7      | Reached skill level 1 in Fire Magic
  9469 | D:8      | Killed a two-headed ogre
  9536 | D:8      | Found a shimmering blue altar of Sif Muna.
 10122 | D:8      | Reached skill level 5 in Translocations
 10241 | D:8      | Noticed Maurice
 10250 | D:8      | Killed Maurice
 10629 | D:9      | Found Joj Mou's Weapon Shop.
 10686 | D:9      | Offered knowledge of Mephitic Cloud by Vehumet.
 10776 | D:9      | Reached *** piety under Vehumet
 11478 | D:9      | Found a staircase to the Orcish Mines.
 11676 | D:10     | Entered Level 10 of the Dungeon
 11720 | D:10     | Reached skill level 13 in Spellcasting
 11720 | D:10     | Offered knowledge of Inner Flame by Vehumet.
 11827 | D:10     | Found a staircase to the Lair.
 11898 | D:10     | Noticed Joseph
 11974 | D:10     | Killed Joseph
 11974 | D:10     | Reached XP level 11. HP: 45/54 MP: 20/30
 12044 | D:10     | Reached skill level 5 in Fire Magic
 12685 | D:10     | Reached **** piety under Vehumet
 13027 | D:10     | Offered knowledge of Ignite Poison by Vehumet.
 13564 | D:5      | Learned a level 3 spell: Conjure Flame
 13567 | D:5      | Learned a level 2 spell: Blink
 14673 | D:11     | Reached skill level 14 in Spellcasting
 14926 | D:11     | Noticed a two-headed ogre
 15154 | D:11     | Killed a two-headed ogre
 15394 | D:11     | Noticed an ettin
 15399 | D:11     | Noticed gruber's ghost (journeyman DDFi)
 15407 | D:11     | Found a runed translucent gate.
 15407 | D:11     | Found a runed translucent gate.
 15407 | D:11     | Found a runed translucent gate.
 15943 | Lair:1   | Entered Level 1 of the Lair of Beasts
 15976 | Lair:1   | Noticed Grum
 16222 | Lair:1   | Reached XP level 12. HP: 40/59 MP: 20/32
 16338 | Lair:1   | Killed Grum
 16405 | Lair:1   | Got a crude robe
 16416 | Lair:1   | Identified the +2 robe of the Game of Life {Str+2} (You
                  | found it on level 1 of the Lair of Beasts)
 16478 | Lair:1   | Reached ***** piety under Vehumet
 16482 | Lair:1   | Offered knowledge of Starburst by Vehumet.
 16497 | Lair:1   | Reached skill level 15 in Spellcasting
 17176 | Lair:2   | Found a staircase to the Shoals.
 17695 | Lair:2   | Noticed Sonja
 17696 | Lair:2   | Killed Sonja
 17709 | Lair:2   | Learned a level 6 spell: Starburst
 18773 | Lair:2   | Noticed a five-headed hydra
 18789 | Lair:2   | Killed a five-headed hydra
 20014 | Lair:3   | Reached skill level 16 in Spellcasting
 20300 | Lair:4   | Found a hole to the Spider Nest.
 20341 | Lair:4   | Reached skill level 10 in Fire Magic
 20341 | Lair:4   | Reached XP level 13. HP: 56/63 MP: 30/35
 20397 | Lair:4   | Found a frozen archway.
 20408 | IceCv    | Entered an ice cave
 20724 | IceCv    | Offered knowledge of Yara's Violent Unravelling by Vehumet.
 20752 | IceCv    | Killed a reaper
 21086 | IceCv    | Got a scorched scimitar
 21107 | IceCv    | Identified the +2 scimitar "Earthworm" {venom, +Inv} (You
                  | found it in an ice cave)
 22190 | Lair:4   | Identified a scroll of acquirement
 22316 | Lair:5   | Found a staircase to the Slime Pits.
 22316 | Lair:5   | Found a viscous altar of Jiyva.
 23058 | Lair:6   | Entered Level 6 of the Lair of Beasts
 23391 | Lair:6   | Reached skill level 15 in Conjurations
 23391 | Lair:6   | Reached skill level 17 in Spellcasting
 24031 | Lair:6   | Noticed an azure jelly
 24038 | Lair:6   | Killed an azure jelly
 24467 | Lair:6   | Reached XP level 14. HP: 66/68 MP: 32/37
 24686 | Lair:6   | Offered knowledge of Fireball by Vehumet.
 24693 | Lair:6   | Learned a level 5 spell: Fireball
 24770 | Lair:6   | Slain by a black mamba

Illustrated notes

Levels and vault maps discovered:
D:1:      co_arrival_square_in_a_square_in_a_square, layout_basic,
          serial_bayou_pond_d, minmay_hedge_maze
D:2:      layout_basic, uniq_natasha
D:3:      layout_loops_cross, lemuel_crystal_altar, ebering_ghost_gozag,
          kennysheep_decorative_pillar, uniq_terence, uniq_grinder
D:4:      layout_loops_ring, minitemple, first_ration, minmay_misc_feat_doors,
          roderic_serpentine_path, minmay_increasing_density
D:5:      layout_rooms
D:6:      layout_basic, minmay_temple_entry_proselytizer, uniq_blork_the_orc
D:7:      layout_basic, minmay_misc_feat_nine_boxes, grunt_livestock,
          makhleb_altar_promises_db
D:8:      layout_gridville, kennysheep_mini, uniq_maurice, uniq_prince_ribbit1
D:9:      layout_irregular_city, erik_orc_4, serial_shops, shop
D:10:     layout_roguey, david_lair_generic, uniq_joseph
D:11:     layout_basic, gammafunk_ghost_split, gauntlet_entry_generic
Lair:1:   layout_hall_layers, grunt_megastairs_1, infiniplex_staircase_pool_2,
          uniq_grum
Lair:2:   layout_loops_ring, minmay_shoals_entry_beasts,
          infiniplex_staircase_pool, minmay_lair_oklob_chamber,
          grunt_megastairs_3, uniq_sonja
Lair:3:   layout_cave_pods, columned_hall_lemuel, grunt_megastairs_5
Lair:4:   layout_gridlike, dummy_spider_entry, portal_ice_cave_rime,
          chequers_serial_rivers_marsh
Lair:5:   layout_regular_city, slime_altar_1, lemuel_fruit_fields
Lair:6:   hangedman_lair_tendril_chambers, layout_loops_ring,
          hangedman_lair_caniforms_friends, special_room [special_room_jelly]

Skill      XL: |  1  2  3  4  5  6  7  8  9 10 11 12 13 14 |
---------------+-------------------------------------------+-----
Spellcasting   | 4 5 7 9 10 12 13 14 16 17 | 17.7
Conjurations   | 5 7 8 9 10 11 12 14 15 | 15.6
Hexes          | 3 5 7 8 9 |  9.0
Translocations | 2 4 5 6 |  6.0
Fire Magic     | 4 7 10 11 12 | 12.2
Dodging        | |  2.4
Stealth        | |  2.4

Action                   |  1- 3 |  4- 6 |  7- 9 | 10-12 | 13-15 || total
-------------------------+-------+-------+-------+-------+-------++-------
Melee: Unarmed           |    23 |       |       |       |       ||    23
       Dagger            |       |     3 |       |       |       ||     3
       Staff             |       |       |       |       |     2 ||     2
       Scimitar          |       |       |       |       |     7 ||     7
 Cast: Magic Dart        |    78 |    86 |   169 |   144 |    47 ||   524
       Searing Ray       |       |    11 |    62 |    86 |    27 ||   186
       Fulminant Prism   |       |       |     4 |   124 |    76 ||   204
       Iskenderun's Myst |       |       |       |    27 |    25 ||    52
       Conjure Flame     |       |       |       |     1 |       ||     1
       Starburst         |       |       |       |       |    15 ||    15
  Use: Scroll            |     3 |     1 |     5 |    10 |     2 ||    21
  Eat: Chunk             |     3 |     7 |    14 |    24 |    11 ||    59
       Ration            |       |       |       |     3 |     1 ||     4
Armor: Robe              |     8 |     3 |     6 |     4 |       ||    21
       Ring mail         |       |       |       |    17 |     9 ||    26
Dodge: Dodged            |    30 |    11 |    25 |    31 |    10 ||   107
Block: Other             |       |     4 |    12 |    22 |    14 ||    52
       Reflection        |       |     1 |     6 |     1 |       ||     8
       Rpst.: Scimitar   |       |       |       |       |     2 ||     2
